cohdb
Replays
Latest Replays
All Replays
Popular Replays
Top Player Replays
Match Explorer
How It Works
Community
CoH3 Stats
Reddit
Sign in to upload your games and track your stats! →
Sign in with Steam
Match 44792710
Unlisted
Match 44792710
Overview
Messages
Build Orders
End
Construct Infanterie Kompanie
Pioneer Squad
Pioneer Squad
Grenadier Squad
MG 42 Machine Gun Team
Grenadier Squad
Pioneer Squad
Construct Luftwaffe Kompanie
Flak 30 Anti-aircraft Gun Team
221 Scout Car
Jäger Squad
Construct Panzer Kompanie
Selects Mechanized Battlegroup
Selects Mobile Repair Stations
Selects Raid Package
Medical Bunker
Stoßtruppen Squad
Panzer IV Medium Tank
Panzer Officer Quarters
Selects StuG Assault Group
Selects UNKNOWN (2160084)
Selects Wespe Self-propelled Artillery
Dromaeda
Gatom
Guastronzo ITA
lemerman9
ARC
xxxgunner
0
0
Comments
sign in to comment!
No comments posted yet!